 Dungeon Crawl Stone Soup version 0.21-a0-274-gc1afaeb (webtiles) character file.

382 Kidiri the Magician (level 6, -3/33 HPs)
             Began as a Deep Elf Fire Elementalist on Sept 19, 2017.
             Slain by Mandevil's ghost (12 damage)
             ... on level 4 of the Dungeon.
             The game lasted 00:14:05 (3761 turns).

Kidiri the Magician (Deep Elf Fire Elementalist)    Turns: 3761, Time: 00:14:06

Health: -3/33      AC:  2    Str:  5    XL:     6   Next: 47%
Magic:  1/17       EV: 13    Int: 22    God:
Gold:   132        SH:  0    Dex: 15    Spells: 0/18 levels left

rFire    . . .     SeeInvis .   o - +1 short sword (protect)
rCold    . . .     Gourm    .   (no shield)
rNeg     . . .     Faith    .   a - +0 robe
rPois    .         Spirit   .   (no helmet)
rElec    .         Reflect  .   (no cloak)
rCorr    +         Harm     .   (no gloves)
MR       .....                  (no boots)
Stlth    ++........             (no amulet)
HPRegen  0.11/turn              l - ring of resist corrosion
MPRegen  0.15/turn              m - ring of wizardry

@: no status effects
A: no striking features
a: no special abilities


You were on level 4 of the Dungeon.
You were not hungry.

You visited 1 branch of the dungeon, and saw 4 of its levels.

You collected 132 gold pieces.

Inventory:

Hand Weapons
 o - a +1 short sword of protection (weapon)
 p - a +0 short sword of venom
Armour
 a - a +0 robe (worn)
 d - a +0 shield
Jewellery
 l - a ring of resist corrosion (left hand)
 m - a ring of wizardry (right hand)
Scrolls
 e - 4 scrolls of identify
 k - 3 scrolls of remove curse
 n - a scroll of teleportation
Potions
 i - a potion of cancellation
Books
 b - a book of Flames

   Spells                             Type                      Level
   a - Flame Tongue                   Conjuration/Fire             1
   b - Throw Flame                    Conjuration/Fire             2
   c - Conjure Flame                  Conjuration/Fire             3
   d - Inner Flame                    Hexes/Fire                   3
   e - Sticky Flame                   Conjuration/Fire             4
   f - Fireball                       Conjuration/Fire             5
Comestibles
 c - 4 bread rations
 f - 2 royal jellies
 g - 4 meat rations
 j - 4 fruits


   Skills:
 + Level 0.4 Fighting
 + Level 0.0 Short Blades
 + Level 0.0 Armour
 + Level 2.6 Dodging
 - Level 2.4 Stealth
 + Level 0.2 Shields
 * Level 6.6 Spellcasting
 + Level 3.8 Conjurations
 + Level 4.7 Fire Magic


You couldn't memorise any spells.
You knew the following spells:

 Your Spells              Type           Power        Failure   Level  Hunger
a - Flame Tongue          Conj/Fire      ####.        1%          1    None
b - Throw Flame           Conj/Fire      ####..       1%          2    None
c - Conjure Flame         Conj/Fire      ####....     1%          3    #......
d - Inner Flame           Hex/Fire       ###.....     4%          3    #......
e - Sticky Flame          Conj/Fire      ####....     6%          4    ###....
f - Fireball              Conj/Fire      ####......   16%         5    #####..


Dungeon Overview and Level Annotations

Branches:
Dungeon (4/15)
 Temple: D:4-7

Altars:

Annotations:
D:4 Mandevil's ghost, amateur MiWn


Message History

Press: ? - help, Shift-Dir - straight line, f/p - Mandevil's ghost
Aim: Mandevil's ghost (flame, moderately damaged)
The flame tongue hits Mandevil's ghost.
Mandevil's ghost appears unharmed.
Mandevil's ghost is moderately damaged.
Mandevil's ghost is engulfed in blazing flames.
Mandevil's ghost hits you!
You hit Mandevil's ghost but do no damage.
Your weapon exudes an aura of protection.
Mandevil's ghost is heavily damaged.
Mandevil's ghost is engulfed in blazing flames.
Mandevil's ghost hits you!
* * * LOW HITPOINT WARNING * * *
Unknown command.
Okay, then.
Unknown command.
Mandevil's ghost is engulfed in blazing flames.
You can't go up here!
There is a stone staircase leading up here.
Mandevil's ghost hits you!
You die...

########.#.#
#......#.#.####.#..
....%..'(..........
......)#.#.####.#.#
%..%...#.#.#
.[.#####.#.# %.
#.#.# . ..#W# ..#@#
..### ..##


You could see Mandevil's ghost.

Vanquished Creatures
  2 orc priests (D:3)
  4 orc wizards
  A worker ant (D:4)
  5 adders
  4 gnolls (D:2)
  4 worms
  3 dart slugs
  A leopard gecko (D:3)
  13 orcs
  5 bats
  6 giant cockroaches
  7 goblins
  7 hobgoblins
  6 jackals
  A quokka (D:2)
  2 frilled lizards (D:2)
  6 kobolds
  9 rats
86 creatures vanquished.

Notes
Turn   | Place    | Note
-------+----------+-------------------------------------------
     0 | D:1      | Kidiri the Deep Elf Fire Elementalist began the quest for the Orb.
     0 | D:1      | Reached XP level 1. HP: 10/10 MP: 6/6
   275 | D:1      | Reached XP level 2. HP: 15/15 MP: 3/8
   279 | D:1      | Learned a level 2 spell: Throw Flame
   953 | D:2      | Reached skill level 4 in Spellcasting
   953 | D:2      | Reached XP level 3. HP: 19/19 MP: 4/10
   958 | D:2      | Learned a level 3 spell: Conjure Flame
   962 | D:2      | Learned a level 3 spell: Inner Flame
  1278 | D:2      | Reached XP level 4. HP: 17/24 MP: 5/12
  1667 | D:2      | Reached skill level 5 in Spellcasting
  2164 | D:2      | Learned a level 4 spell: Sticky Flame
  2170 | D:3      | Reached XP level 5. HP: 22/28 MP: 8/14
  2841 | D:3      | Reached skill level 6 in Spellcasting
  2925 | D:3      | Reached XP level 6. HP: 11/32 MP: 5/17
  3427 | D:3      | Learned a level 5 spell: Fireball
  3715 | D:4      | Noticed Mandevil's ghost (amateur MiWn)
  3761 | D:4      | Slain by Mandevil's ghost

Vault maps used:
D:1:      minmay_arrival_jagged, minmay_tromino_v2
D:2:      first_bread, minivault_24
D:4:      ashenzari_altar_1, temple_green, led_xom_imps

Skill      XL: |  1  2  3  4  5 |
---------------+----------------+-----
Conjurations   | 2 3 |  3.8
Spellcasting   | 4 5 6 |  6.6
Fire Magic     | 4 |  4.7
Fighting       | |  0.4
Dodging        | |  2.6
Stealth        | |  2.4
Shields        | |  0.2

Action                   |  1- 3 |  4- 6 || total
-------------------------+-------+-------++-------
Melee: Dagger            |    20 |    14 ||    34
       Short sword       |       |     8 ||     8
 Cast: Flame Tongue      |    45 |    81 ||   126
       Throw Flame       |     4 |    21 ||    25
       Conjure Flame     |     1 |     5 ||     6
       Sticky Flame      |       |     9 ||     9
       Inner Flame       |       |     3 ||     3
  Use: Scroll            |     5 |     1 ||     6
 Stab: Sleeping          |     2 |     8 ||    10
  Eat: Chunk             |     1 |     9 ||    10
Armor: Robe              |     7 |     9 ||    16
Dodge: Dodged            |    29 |    32 ||    61

Table legend:
 A = Spawn XP
 B = Non-spawn XP
 C = Spawn XP percentage of total XP
 D = Spawn monster count
 E = Non-spawn monster count
 F = Spawn count percentage of total count
 G = Total turns spent on level
                    A         B        C        D         E        F      G
               +---------+---------+-------+---------+---------+-------+---------
         Total |       0 |     546 |   0.0 |       0 |      86 |   0.0 |  3761
               +---------+---------+-------+---------+---------+-------+---------
           D:1 |       0 |      23 |   0.0 |       0 |      13 |   0.0 |   956
           D:2 |       0 |     178 |   0.0 |       0 |      28 |   0.0 |  1500
           D:3 |       0 |     310 |   0.0 |       0 |      43 |   0.0 |  1241
           D:4 |       0 |      35 |   0.0 |       0 |       2 |   0.0 |    64
               +---------+---------+-------+---------+---------+-------+---------
